AoeStats
← Samurai_z

Arabia

510416601Analyzed
3v3 RM · 2d ago on Sep 30, 2026· 22m 12s· 6 players
Game mode
Random Map
Map size
Normal (6 player)
Population
200
Speed
Normal
Resources
Standard
Victory
Conquest
Starting age
Dark Age
Ending age
Imperial Age
RankedLock teamsTeams togetherTeam positionsShared explorationLock speedFull tech treeHidden civsTurbo modeCheats
Victory
Defeat
🇧🇷 Huns · Brazil
833
+9
🇧🇷 Magyars · Brazil
767
+11
🇧🇷 Romans · Brazil
696
+14
🇩🇪 Khmer · Germany
738
-15
🇮🇹 Cumans · Italy
637
-10
🇦🇷 Bulgarians · Argentina
593
-9
julian_venom
0:27 Loom
10:49 Feudal Age
12:06 Wheelbarrow
11:20 Double-Bit Axe
12:02 Horse Collar
leomelthorme191
3:34 Loom
11:18 Feudal Age
11:49 Double-Bit Axe
11:46 Horse Collar
xdoppiadx
11:54 Feudal Age
12:26 Double-Bit Axe
13:59 Wheelbarrow
14:25 Horse Collar
15:48 Town Watch
16:07 Loom
aLaN_DiCKSoN
7:06 Loom
10:15 Feudal Age
15:16 Bloodlines
16:29 Scale Barding Armor
22:49 Castle Age
21:19 Fletching
21:29 Padded Archer Armor
wesley1611
11:39 Feudal Age
12:26 Horse Collar
12:51 Town Watch
12:41 Man-at-Arms
13:10 Double-Bit Axe
14:43 Loom
17:24 Wheelbarrow
16:47 Loom
17:16 Stone Mining
17:17 Gold Mining
Samurai_z
5:50 Loom
10:25 Feudal Age
10:58 Double-Bit Axe
10:56 Horse Collar
16:49 Scale Barding Armor
19:58 Wheelbarrow
20:02 Forging
20:04 Gold Mining
20:08 Stone Mining
23:44 Castle Age
Connection lost

Rejoining the realm…

Still unreachable

The connection could not be restored.

Session expired

The server has moved on; the page needs a fresh start.